cohdb
Replays
Latest Replays
All Replays
Popular Replays
Top Player Replays
Match Explorer
How It Works
Community
CoH3 Stats
Reddit
Sign in to upload your games and track your stats! →
Sign in with Steam
Match 38906525
Unlisted
Match 38906525
Overview
Messages
Build Orders
End
Kradschützen Motorcycle Team
Selects Armored Support Battlegroup
Panzergrenadier Squad
Panzergrenadier Squad
Construct Light Support Kompanie
2.5-tonne Medical Truck
Fire Support Elements
Selects Superior Fire Drills
MG34 Team
Flakvierling Half-track
Selects Salvage Kits
Panzerjäger Mechanized Group
Construct Mechanized Kompanie
StuG III D Assault Gun
Panzergrenadier Squad
Selects Salvage Kits
Selects Panzer Storm
Veteran Squad Leaders
Marder III Tank Destroyer
Selects Stuka Anti-tank Loiter
BigTiddyLebron
kreumat
Colonel_Me
General_Me
0
0
Comments
sign in to comment!
No comments posted yet!